 Dungeon Crawl Stone Soup version 0.29.1-4-g47bece8355 (webtiles) character file.

Game seed: 4939454889538897219

32030 fantasyman the Bludgeoner (level 14, -5/111 HPs)
             Began as a Formicid Fighter on Dec 4, 2022.
             Was an Elder of the Shining One.
             Slain by a yak (6 damage)
             ... led by a torpor snail
             ... on level 4 of the Lair of Beasts.
             The game lasted 00:26:14 (16790 turns).

fantasyman the Bludgeoner (Formicid Fighter)       Turns: 16790, Time: 00:26:15

Health: -5/111     AC: 22    Str: 24    XL:     14   Next: 0%
Magic:  14/14      EV:  5    Int: 13    God:    the Shining One [****..]
Gold:   876        SH:  5    Dex: 12    Spells: 13/13 levels left

rFire   + . .      SeeInvis +   i - +8 giant club (spect)
rCold   + . .      Faith    .   (shield currently unavailable)
rNeg    + + .      Spirit   .   r - +0 crystal plate armour
rPois   +          Reflect  +   (helmet unavailable)
rElec   .          Harm     .   l - scarf {rC+ rF+}
rCorr   .          Rampage  .   (no gloves)
Will    ++...      Clarity  +   f - +0 pair of boots
Stlth   ..........              e - amulet "Anixup" {Reflect Contam Slay+2 SH+5 SInv}
HPRegen 0.28/turn               t - ring of willpower
MPRegen 0.14/turn               w - ring of poison resistance

@: mighty, glowing
A: permanent stasis, dig shafts and tunnels, antennae 3, four strong arms,
clarity, clever 1, deterioration 1
a: Dig, Shaft Self, Renounce Religion, Divine Shield, Cleansing Flame


You were on level 4 of the Lair of Beasts.
You worshipped the Shining One.
The Shining One was greatly pleased with you.
You visited 3 branches of the dungeon, and saw 18 of its levels.

You collected 876 gold pieces.

Inventory:

Hand Weapons
 i - a +8 spectral giant club (weapon)
Missiles
 x - 4 throwing nets
Armour
 f - a +0 pair of boots (worn)
 l - a scarf of resistance (worn)
 r - a +0 crystal plate armour (worn)
Jewellery
 e - the amulet "Anixup" (around neck) {Reflect Contam Slay+2 SH+5 SInv}
   (You acquired it on level 2 of the Dungeon)

   [amulet of reflection]

   It reflects blocked missile attacks.
   Slay:      It affects your accuracy & damage with ranged weapons and melee
   (+2).
   SInv:      It lets you see invisible.
   Contam:    It causes magical contamination when unequipped.
   SH:        It affects your SH (+5).
 t - a ring of willpower (left hand)
 w - a ring of poison resistance (right hand)
 z - an amulet of guardian spirit
Wands
 v - a wand of iceblast (11)
 y - a wand of paralysis (6)
Scrolls
 a - 9 scrolls of identify
 c - a scroll of butterflies
 d - a scroll of brand weapon
 h - a scroll of enchant armour
 j - 2 scrolls of fear
 p - 3 scrolls of amnesia
 q - 3 scrolls of vulnerability
 B - a scroll of noise {unknown}
Potions
 b - 2 potions of might
 g - 4 potions of mutation
 k - 3 potions of curing
 m - 3 potions of degeneration
 n - a potion of heal wounds
 o - 2 potions of invisibility
 s - a potion of haste
 u - a potion of cancellation {unknown}
 A - a potion of brilliance {unknown}


   Skills:
 * Level 10.7 Fighting
 * Level 18.0 Maces & Flails
 * Level 11.4 Armour
 - Level 0.2 Dodging
 - Level 2.0 Stealth
 - Level 5.2 Shields


You had 13 spell levels left.
You didn't know any spells.
Your spell library contained the following spells:

 Spells                   Type           Power      Damage    Failure   Level
 Beastly Appendage        Tmut           0%         N/A       100%        1
 Wereblood                Tmut           0%         N/A       100%        2
 Dazzling Flash           Conj/Hex       0%         N/A       100%        3
 Frozen Ramparts          Ice            0%         1d1       100%        3
 Gell's Gravitas          Tloc           0%         N/A       100%        3
 Spider Form              Tmut/Pois      0%         N/A       100%        3
 Teleport Other           Tloc           0%         N/A       100%        3
 Tukima's Dance           Hex            0%         N/A       100%        3
 Ice Form                 Ice/Tmut       0%         N/A       100%        4
 Passage of Golubria      Tloc           0%         N/A       100%        4
 Petrify                  Tmut/Erth      0%         N/A       100%        4
 Summon Ice Beast         Ice/Summ       0%         N/A       100%        4
 Agony                    Necr           0%         N/A       100%        5
 Alistair's Intoxication  Tmut/Pois      0%         N/A       100%        5
 Borgnjor's Vile Clutch   Necr/Erth      0%         N/A       100%        5
 Metabolic Englaciation   Hex/Ice        0%         N/A       100%        5
 Silence                  Hex/Air        0%         N/A       100%        5
 Yara's Violent Unravell  Hex/Tmut       0%         3d3       100%        5
 Dispersal                Tloc           0%         N/A       100%        6
 Eringya's Noxious Bog    Tmut/Pois      0%         N/A       100%        6
 Statue Form              Tmut/Erth      0%         N/A       100%        6


Dungeon Overview and Level Annotations

Branches:
Dungeon (12/15)            Temple (1/1) D:4            Lair (5/5) D:9
  Swamp (0/4) Lair:2       Spider (0/4) Lair:3          Orc (0/2) D:9
  Slime: Lair:4-5

Altars:
Ashenzari
Cheibriados
Dithmenos
Elyvilon
Fedhas
Gozag
Hepliaklqana
Kikubaaqudgha
Makhleb
Nemelex Xobeh
Okawaru
Qazlal
Ru
Sif Muna
Trog
Uskayaw
Vehumet
Wu Jian
Xom
Yredelemnul
Zin
The Shining One

Shops:
D:10 :   D:11 :

Annotations:
D:3 2 transporters, sigtrap's ghost, amateur SpBr
D:4 3 runed translucent doors, FizzleBangTC's ghost, weakling MeEE; Xeneth's ghost, amateur MiFi; mortz's ghost, amateur GrEE
D:12 1 runed translucent door, 2 transporters, lmSkywalker's ghost, journeyman TeSu


Innate Abilities, Weirdness & Mutations

You cannot be hasted, slowed, berserked, paralysed or teleported.
You can dig through walls and to a lower floor.
You have a pair of large antennae on your head. (SInv)
Your four strong arms can wield two-handed weapons with a shield.
You possess an exceptional clarity of mind.
Your mind is acute. (Int +4, Str/Dex -1)
Your body sometimes deteriorates upon taking damage.


Message History

Something bites the plant.
The yak gores you but does no damage. x3
You bludgeon the yak!!
The yak is heavily wounded.
Your +8 spectral giant club closely misses the yak.
Something bites the plant.
The yak gores you but does no damage. You block the yak's attack.
The yak gores you. You block the yak's attack. The yak gores you.
You bludgeon the yak!!
You kill the yak!
You bludgeon the yak!!
The yak is severely wounded.
Your +8 spectral giant club hits the yak!!!
You kill the yak!
A nearby plant withers and dies.
You block the yak's attack. The yak gores you!
* * * LOW HITPOINT WARNING * * *
The yak gores you.
* * * LOW HITPOINT WARNING * * *
You bludgeon the yak!!
You kill the yak!
The yak gores you but does no damage. x2; The yak gores you.
* * * LOW HITPOINT WARNING * * *
You bludgeon the torpor snail!!
The torpor snail is heavily wounded.
Your +8 spectral giant club hits the torpor snail!!
The torpor snail bites your +8 spectral giant club!
Your spectral weapon shares its damage with you!
* * * LOW HITPOINT WARNING * * *
You bludgeon the torpor snail!!
You kill the torpor snail!
The yak gores you but does no damage. x3
You have reached level 14!
You sock the yak!
The yak is lightly wounded.
Your +8 spectral giant club hits the yak!!
The yak gores you.
* * * LOW HITPOINT WARNING * * *
The yak gores you!
* * * LOW HITPOINT WARNING * * *
The yak gores you.
You die...

#..... .# ##
.+.....###.##P#
.P.............
#..............
##..............
.................
............†........
............Y.Y§§....
.............Y@§......
.............†(.......
.............§........
................§......
.....................PP.
........................
.........?.###......####
...........#{#####.##{
..........## #..


You could see 3 yaks and a friendly +8 spectral giant club (summoned).

Vanquished Creatures
  Harold (Lair:2)
  3 hydras
  5 two-headed ogres
  A centaur warrior (D:12)
  An anaconda (Lair:4)
  Amaemon (Lair:1)
  A lindwurm (Lair:4)
  An ugly thing (D:12)
  A manticore (D:11)
  A cyclops (D:11)
  A torpor snail (Lair:4)
  A black mamba (Lair:4)
  A gargoyle (D:10)
  An orange demon (Lair:1)
  6 cane toads
  A rime drake (Lair:1)
  5 komodo dragons
  An unseen horror (D:11)
  2 kobold demonologists (D:10)
  5 trolls
  A tarantella (Lair:3)
  A polar bear (Lair:3)
  2 hornets
  12 blink frogs
  A tyrant leech (Lair:2)
  3 wyverns
  2 wraiths
  41 yaks
  A basilisk (Lair:2)
  Eustachio (D:6)
  2 steam dragons
  2 acid dragons
  2 swamp worms (Lair:2)
  9 water moccasins
  3 ice beasts
  2 sky beasts
  2 ogres
  2 black bears (D:6)
  5 orc warriors
  4 wolves (Lair:2)
  7 centaurs
  5 kobold brigands
  3 bullfrogs
  4 necrophages
  A gnoll sergeant (D:12)
  3 scorpions
  9 wights
  9 killer bees
  7 howler monkeys
  3 jellies
  2 hounds (D:6)
  3 gnoll boudas
  6 orc priests
  3 iguanas
  4 orc wizards
  Natasha (twice) (D:4)
  21 gnolls
  13 adders
  A shadow imp (D:7)
  A white imp (D:5)
  2 worms (D:4)
  3 dart slugs
  31 orcs
  7 ball pythons
  5 bats
  4 endoplasms
  5 giant cockroaches
  7 goblins
  7 hobgoblins
  3 jackals (D:1)
  8 quokkas
  3 frilled lizards
  20 kobolds
  7 rats
  A plant (Lair:2)
358 creatures vanquished.

Vanquished Creatures (others)
  6 fungi
  9 plants
  4 withered plants (D:4)
19 creatures vanquished.

Grand Total: 377 creatures vanquished

Notes
Turn   | Place    | Note
-------+----------+-------------------------------------------
     0 | D:1      | fantasyman the Formicid Fighter began the quest for the
                  | Orb.
     0 | D:1      | Reached XP level 1. HP: 18/18 MP: 1/1
    32 | D:1      | Reached XP level 2. HP: 22/24 MP: 2/2
   529 | D:1      | Reached XP level 3. HP: 30/30 MP: 3/3
   651 | D:1      | Reached skill level 1 in Stealth
  1024 | D:2      | Reached XP level 4. HP: 35/37 MP: 4/4
  1031 | D:2      | Noticed a great orb of eyes
  1034 | D:2      | Noticed a floating eye
  1037 | D:2      | Found a faded altar of an unknown god.
  1039 | D:2      | Noticed a floating eye
  1039 | D:2      | Noticed a floating eye
  1413 | D:2      | Identified a scroll of acquirement
  1413 | D:2      | Acquired the amulet "Anixup" {Reflect Contam Slay+2 SH+5
                  | SInv}
  1867 | D:3      | Found a transporter.
  1912 | D:3      | Gained mutation: Your body sometimes deteriorates upon
                  | taking damage. [potion of mutation]
  1912 | D:3      | Gained mutation: You are partially covered in iridescent
                  | scales. (AC +2) [potion of mutation]
  1912 | D:3      | Gained mutation: Your muscles are strong. (Str +4, Int/Dex
                  | -1) [potion of mutation]
  1916 | D:3      | HP: 1/37 [orc priest/+0 club (2)]
  1922 | D:3      | Reached skill level 3 in Maces & Flails
  1922 | D:3      | Reached XP level 5. HP: 24/42 MP: 5/5
  2008 | D:3      | Found a transporter.
  2122 | D:3      | Found an opulent altar of Gozag.
  2291 | D:3      | Noticed sigtrap's ghost (amateur SpBr)
  2326 | D:3      | Acquired a +8 spectral giant club
  2374 | D:3      | Noticed a steam dragon
  2378 | D:3      | Killed a steam dragon
  2379 | D:3      | Reached skill level 4 in Maces & Flails
  2379 | D:3      | Reached XP level 6. HP: 48/48 MP: 6/6
  2488 | D:3      | Lost mutation: You are partially covered in iridescent
                  | scales. (AC +2) [potion of mutation]
  2488 | D:3      | Lost mutation: Your muscles are strong. (Str +4, Int/Dex
                  | -1) [potion of mutation]
  2488 | D:3      | Gained mutation: You possess an exceptional clarity of
                  | mind. [potion of mutation]
  2488 | D:3      | Gained mutation: Your mind is acute. (Int +4, Str/Dex -1)
                  | [potion of mutation]
  2767 | D:4      | Reached skill level 5 in Maces & Flails
  2804 | D:4      | Reached XP level 7. HP: 51/54 MP: 7/7
  2869 | D:4      | Reached skill level 6 in Maces & Flails
  2933 | D:4      | Noticed Natasha
  2937 | D:4      | Killed Natasha
  2957 | D:4      | Found a staircase to the Ecumenical Temple.
  3175 | Temple   | Entered the Ecumenical Temple
  3184 | Temple   | Became a worshipper of the Shining One
  3209 | D:4      | Found a runed translucent gate.
  3210 | D:4      | Found a runed translucent gate.
  3210 | D:4      | Found a runed translucent gate.
  3210 | D:4      | Noticed Xeneth's ghost (amateur MiFi)
  3210 | D:4      | Noticed mortz's ghost (amateur GrEE)
  3210 | D:4      | Noticed FizzleBangTC's ghost (weakling MeEE)
  3460 | D:4      | Found a bloodstained altar of Trog.
  3461 | D:4      | Found an ancient bone altar of Kikubaaqudgha.
  3582 | D:4      | You fall into a shaft and drop 2 floors!
  3622 | D:6      | Reached XP level 8. HP: 61/61 MP: 8/8
  3626 | D:6      | Reached skill level 7 in Maces & Flails
  3829 | D:6      | Reached skill level 8 in Maces & Flails
  3848 | D:6      | Reached skill level 5 in Armour
  3958 | D:6      | Reached skill level 9 in Maces & Flails
  3958 | D:6      | Reached XP level 9. HP: 67/67 MP: 9/9
  4055 | D:6      | Noticed Eustachio
  4065 | D:6      | Killed Eustachio
  4066 | D:6      | Reached skill level 5 in Fighting
  4380 | D:6      | Reached skill level 10 in Maces & Flails
  4671 | D:5      | Entered Level 5 of the Dungeon
  4715 | D:5      | Reached * piety under the Shining One
  5415 | D:5      | Noticed a two-headed ogre
  5422 | D:5      | Killed a two-headed ogre
  5423 | D:5      | Reached skill level 11 in Maces & Flails
  5423 | D:5      | Reached XP level 10. HP: 46/74 MP: 10/10
  5819 | D:4      | Noticed Natasha
  5822 | D:4      | Killed Natasha
  6220 | D:7      | Reached skill level 12 in Maces & Flails
  7015 | D:8      | Noticed a two-headed ogre
  7022 | D:8      | Killed a two-headed ogre
  7023 | D:8      | Reached skill level 13 in Maces & Flails
  7872 | D:9      | Reached ** piety under the Shining One
  7990 | D:9      | Found a staircase to the Orcish Mines.
  8010 | D:10     | Entered Level 10 of the Dungeon
  8013 | D:10     | Reached XP level 11. HP: 7/83 MP: 11/11
  9584 | D:9      | Found a staircase to the Lair.
  9989 | D:10     | Noticed a two-headed ogre
  9994 | D:10     | Killed a two-headed ogre
  9995 | D:10     | Reached skill level 14 in Maces & Flails
  9995 | D:10     | Reached skill level 5 in Shields
  9998 | D:10     | Noticed a sixfirhy
 10397 | D:10     | Found an ornate altar of the Wu Jian Council.
 10397 | D:10     | Found Zyilaij's Vocational Training.
 10487 | D:10     | Noticed a two-headed ogre
 10493 | D:10     | Killed a two-headed ogre
 11111 | D:11     | Noticed a cyclops
 11114 | D:11     | Killed a cyclops
 11242 | D:11     | Reached skill level 15 in Maces & Flails
 11315 | D:11     | Noticed a manticore
 11318 | D:11     | Killed a manticore
 11435 | D:11     | Reached XP level 12. HP: 76/91 MP: 12/12
 11658 | D:11     | Reached *** piety under the Shining One
 12045 | D:11     | Found Dattic's Book Boutique.
 12754 | D:12     | Noticed an eight-headed hydra
 12761 | D:12     | Killed an eight-headed hydra
 12844 | D:12     | Noticed a two-headed ogre
 12848 | D:12     | Killed a two-headed ogre
 12886 | D:12     | Found a runed translucent door.
 12930 | D:12     | Found a transporter.
 12931 | D:12     | Found a transporter.
 12931 | D:12     | Noticed a two-headed ogre
 12931 | D:12     | Noticed lmSkywalker's ghost (journeyman TeSu)
 12931 | D:12     | Identified the +6 great mace of the Fortifying Sybil
                  | {freeze, Fragile Str+4 Int+2 Dex+4}
 12931 | D:12     | Noticed a two-headed ogre
 12932 | D:12     | Noticed a two-headed ogre
 12934 | D:12     | Noticed a two-headed ogre
 12995 | D:12     | Noticed a centaur warrior
 13008 | D:12     | Reached skill level 16 in Maces & Flails
 13010 | D:12     | Killed a centaur warrior
 13279 | D:12     | Noticed a six-headed hydra
 13368 | Lair:1   | Entered Level 1 of the Lair of Beasts
 13401 | D:9      | The Shining One protects you from harm!
 13406 | D:9      | Reached skill level 10 in Armour
 13931 | Lair:1   | Reached XP level 13. HP: 101/101 MP: 13/13
 13932 | Lair:1   | Noticed Amaemon
 13939 | Lair:1   | Killed Amaemon
 14564 | Lair:2   | Identified the +1 long sword of the Wasteland {holy, rC+
                  | rCorr Int+2}
 14643 | Lair:2   | Found a staircase to the Swamp.
 14643 | Lair:2   | Noticed Harold
 14652 | Lair:2   | Killed Harold
 14653 | Lair:2   | Reached skill level 17 in Maces & Flails
 14665 | Lair:2   | Noticed a seven-headed hydra
 14670 | Lair:2   | Killed a seven-headed hydra
 15340 | Lair:2   | Reached **** piety under the Shining One
 15345 | Lair:2   | Reached skill level 10 in Fighting
 15372 | Lair:2   | Noticed an eight-headed hydra
 15377 | Lair:2   | Killed an eight-headed hydra
 16445 | Lair:3   | Found a hole to the Spider Nest.
 16498 | Lair:3   | You fall into a shaft and drop 2 floors!
 16498 | Lair:5   | Entered Level 5 of the Lair of Beasts
 16517 | Lair:4   | Noticed an anaconda
 16524 | Lair:4   | Killed an anaconda
 16778 | Lair:4   | Reached skill level 18 in Maces & Flails
 16790 | Lair:4   | Reached XP level 14. HP: 15/111 MP: 14/14
 16790 | Lair:4   | HP: 1/111 [yak (12)]
 16790 | Lair:4   | Slain by a yak

Illustrated notes

Levels and vault maps discovered:
D:1:      minmay_arrival_hallway, layout_basic, nicolae_grassy_gnolls
D:2:      layout_loops_corners, hellmonk_ecumenical_altar_watching_god
D:3:      layout_loops_cross, nicolae_overflow_crystal_walls,
          gammafunk_ghost_mausoleum, st_stairs_2,
          minmay_misc_feat_secret_circle, minivault_26
D:4:      minmay_recursive_quarters, layout_layer_cave,
          gammafunk_temple_overflow_statue, temple_fountains,
          gammafunk_ghost_cemetery, uniq_natasha
D:5:      cheibrodos_helix_gallery, layout_rooms
D:6:      layout_basic, uniq_eustachio
D:7:      layout_loops_ring
D:8:      layout_cave_pools, minmay_misc_feat_chi
D:9:      layout_rooms, lair_entry_dummy, david_orc_3
D:10:     layout_roguey, nzn_wu_jian_contemplation, minivault_4,
          nicolae_shop_vocational
D:11:     layout_roguey, serial_shops, nicolae_stop_n_shop_1
D:12:     layout_rooms, gammafunk_ghost_smash, serial_glass, glass_columns_b,
          glass_columns_b, lightli_airlock
Temple:   nicolae_temple_no_exploring_needed
Lair:1:   layout_chaotic_city, grunt_megastairs_5, uniq_amaemon
Lair:2:   layout_small_grid, swamp_mist, worms_lemuel, uniq_harold
Lair:3:   layout_cave_shapes, spider_nest_entry_rubble
Lair:4:   beast_lair_carwin_large_4, layout_regular_city
Lair:5:   guppyfry_lair_end_dragon, layout_regular_city,
          hangedman_lair_tendril_chambers, slime_entry_1,
          nicolae_quartered_pool_super, grunt_megastairs_3

Skill      XL: |  1  2  3  4  5  6  7  8  9 10 11 12 13 |
---------------+----------------------------------------+-----
Stealth        | 1 2 |  2.0
Armour         | 4 5 7 8 10 11 | 11.4
Fighting       | 4 5 6 7 9 10 | 10.7
Maces & Flails | 3 4 5 6 9 11 13 15 16 18 | 18.0
Shields        | 5 |  5.2
Dodging        | |  0.2

Action                   |  1- 3 |  4- 6 |  7- 9 | 10-12 | 13-15 || total
-------------------------+-------+-------+-------+-------+-------++-------
Melee: Flail             |    78 |    87 |       |       |       ||   165
       Giant club        |       |    17 |    92 |   234 |   128 ||   471
 Abil: Dig               |     2 |       |       |     2 |       ||     4
  Use: Scroll            |     2 |     5 |     9 |     4 |       ||    20
       Potion            |       |     4 |     1 |       |     2 ||     7
Armor: Scale mail        |    41 |    44 |       |       |       ||    85
       Crystal plate arm |       |       |    45 |   186 |    64 ||   295
Dodge: Dodged            |    37 |    48 |    11 |    37 |    23 ||   156
Block: Buckler           |    14 |    40 |       |       |       ||    54
       Reflection        |       |     1 |       |     8 |       ||     9
       Other             |       |     2 |    14 |    54 |    32 ||   102
